 Dungeon Crawl Stone Soup version 0.31-a0-771-g505c3d19dc (webtiles) character file.

Game seed: 3967189512167306589

487 MackTheKnife the Grasshopper (level 6, -1/28 HPs)
             Began as a Spriggan Wanderer on Sept 16, 2023.
             Slain by an ogre
             ... wielding a +0 giant club
              (29 damage)
             ... on level 5 of the Dungeon.
             The game lasted 00:08:37 (3547 turns).

MackTheKnife the Grasshopper (Spriggan Wanderer)    Turns: 3547, Time: 00:08:38

Health: -1/28      AC:  4    Str:  6    XL:     6   Next: 89%
Magic:  13/13      EV: 18    Int: 16    God:
Gold:   243        SH:  0    Dex: 16    Spells: 9/13 levels left

rFire   . . .        n - +1 dagger (venom) {short}
rCold   . . .        (no shield)
rNeg    . . .        l - +2 robe {Will+}
rPois   .            (helmet restricted)
rElec   .            (no cloak)
rCorr   .            (gloves unavailable)
SInv    +            (boots unavailable)
Will    ++...        e - amulet of regeneration {@e2}
Stlth   ++++         (no ring)
HPRegen 1.04/turn    (no ring)
MPRegen 0.13/turn

%: no passive effects
@: very quick
A: very small, no large weapons, unfitting armour, see invisible, speed 3
a: no special abilities


You were on level 5 of the Dungeon.
You visited 1 branch of the dungeon, and saw 5 of its levels.

You collected 273 gold pieces.
You spent 30 gold pieces at shops.


Innate Abilities, Weirdness & Mutations

You are very small and have problems with some larger weapons.
You are too small for most types of armour.
You have supernaturally acute eyesight. (SInv)
You cover ground extremely quickly. (Speed+++)


   Skills:
 - Level 1.0 Throwing
 + Level 4.2 Dodging
 - Level 7.0 Stealth
 - Level 4.2 Spellcasting
 - Level 7.5 Translocations
 - Level 4.0 Evocations


You had 9 spell levels left.
You knew the following spells:

 Your Spells              Type           Power      Damage    Failure   Level
a - Apportation           Tloc           54%        N/A       1%          1
b - Gell's Gravitas       Tloc           27%        N/A       2%          3

Your spell library contained the following spells:

 Spells                   Type           Power      Damage    Failure   Level
 Cigotuvi's Dreadful Rot  Necr/Pois/Air  6%         N/A       26%         2
 Sublimation of Blood     Necr           3%         N/A       26%         2
 Dimensional Bullseye     Hex/Tloc       7%         N/A       34%         4

Inventory:

Hand Weapons
 n - a +1 dagger of venom (weapon) {short}
   (You took it off a goblin on level 2 of the Dungeon)
Missiles
 m - 6 poisoned darts (quivered) {throwing}
Armour
 l - a +2 robe of willpower (worn)
   (You took it off Jessica on level 2 of the Dungeon)
 o - an orb of guile
   (You found it on level 2 of the Dungeon)
 q - a +0 crystal plate armour {rare=g}
   (You found it on level 3 of the Dungeon)
Jewellery
 e - an amulet of regeneration (around neck) {@e2}
   (You found it on level 1 of the Dungeon)
Wands
 d - a wand of flame (1)
 s - a wand of acid (9)
   (You found it on level 4 of the Dungeon)
Scrolls
 c - 3 scrolls of teleportation {@r4}
 f - 2 scrolls of enchant weapon {unknown}
 g - 2 scrolls of poison {unknown}
 h - 2 scrolls of revelation
 p - a scroll of enchant armour {unknown}
 r - a scroll of blinking {unknown}
 t - a scroll of amnesia {unknown}
Potions
 a - 2 potions of curing {@q1}
 b - a potion of might
 i - 3 potions of enlightenment
 j - a potion of cancellation
 k - a potion of mutation {!q}
 u - a potion of degeneration {unknown}

Dungeon Overview and Level Annotations

Branches:
Dungeon (5/15) Zot: 26985
 Temple: D:4-7

Altars:
Xom

Shops:
D:1 [   D:4 !

Annotations:
D:3 3 runed translucent doors, incide's ghost, amateur DsWn
D:4 Ijyb

......# #.....###
#.<.5.... #......
..<.. ### ##.##
.....######...####
#.........O@..#
......#####<..##.#
##### ##.## # #.#
#.# #.# #.. ###


You could see an ogre (very poisoned).


Message History

Key pressed, stopping explore.
m - 2 poisoned darts {throwing} (gained 1)
There is an entrance to Nutopnykh's Distillery here.
m - 3 poisoned darts {throwing} (gained 1)
m - 4 poisoned darts {throwing} (gained 1)
m - 5 poisoned darts {throwing} (gained 1)
m - 6 poisoned darts {throwing} (gained 1)
You now have 235 gold pieces (gained 11).
Key pressed, stopping explore.
Found a stone staircase leading down. 😎 HP[+10]
Your hp is fully restored (28).
A sleepcap is nearby!
You see here 8 gold pieces.
You now have 243 gold pieces (gained 8).
There is a stone staircase leading up here.
You climb upwards.
Level annotation: 3 runed translucent doors, incide's ghost, amateur DsWn
There is a stone staircase leading down here.
There is a stone staircase leading down here.
You climb downwards.
Level annotation: Ijyb
There is a stone staircase leading up here.
Key pressed, stopping explore.
There is a large open door here.
t - a scroll labelled VOCHOM ZUVORA A sleepcap is nearby!
Things that are here:
a +0 leather armour; a +0 hand axe {axe} You see here a +0 short sword {short}.
A hobgoblin comes into view.
A hobgoblin is nearby!
The hobgoblin shouts!
You hit the hobgoblin.
The hobgoblin is poisoned.
You kill the hobgoblin!
No target in view!
No target in view!
No target in view!
No target in view!
Key pressed, stopping explore.
You open the large door.
Found a shimmering altar of Xom.
Found an escape hatch in the floor.
A sleepcap is nearby!
Okay, then.
Search for what [? for help]? ranged
Things that are here:
a stone {throwing}; a +0 short sword {short} 2 ball pythons come into view.
There are monsters nearby!
The ball python hisses angrily.
You hear an angry hiss.
You see here a lumpy golden potion.
u - a lumpy golden potion You hit the ball python.
You kill the ball python!
You closely miss the ball python. The ball python barely misses you.
The ball python completely misses you.
You barely miss the ball python. The ball python misses you.
The ball python grabs you. The ball python constricts you.
You hit the ball python. The ball python misses you.
The ball python constricts you. 😕 HP[-1]
You take 1 damage, and now have 27/28 hp.
You hit the ball python.
You kill the ball python! 😎 HP[+1]
Your hp is fully restored (28).
A goblin comes into view. It is wielding a +0 dagger.
The goblin moves out of view.
The goblin shouts!
The goblin unwields a +0 dagger.
The goblin wields a +0 sling.
The goblin shoots a sling bullet.
The sling bullet barely misses you.
The goblin shoots a sling bullet.
The sling bullet completely misses you.
The goblin shoots a sling bullet.
The sling bullet misses you.
The goblin unwields a +0 sling.
The goblin wields a +0 dagger.
The goblin hits you but does no damage.
You hit the goblin.
The goblin is poisoned.
The goblin hits you but does no damage.
You hit the goblin.
You kill the goblin!
No target in view!
Key pressed, stopping explore.
Key pressed, stopping explore.
c - 3 scrolls of teleportation {@r4} (gained 1)
You see here a +0 short sword {short}.
There is a stone staircase leading down here.
You climb downwards.
Found a stone staircase leading up.
There is a stone staircase leading up here.
You hit the ogre.
The ogre is poisoned.
The ogre misses you.
You hit the ogre.
Unknown command.
You hit the ogre.
The ogre looks as sick as possible!
The ogre barely misses you. The ogre attacks as it pursues you!
The ogre closely misses you.
Found a stone staircase leading up.
You hit the ogre.
The ogre hits you with a +0 giant club!!
Ouch! That really hurt!
You die...

Skill      XL: |  1  2  3  4  5  6 |
---------------+-------------------+-----
Stealth        | 2 5 6 7 |  7.0
Translocations | 6 7 |  7.5
Evocations     | 3 4 |  4.0
Dodging        | 4 |  4.2
Throwing       | |  1.0
Spellcasting   | |  4.2

Action                     |  1- 3 |  4- 6 || total
---------------------------+-------+-------++-------
  Melee: Dagger            |   138 |   110 ||   248
         Punch             |       |     2 ||     2
  Throw: Dart              |       |    15 ||    15
   Cast: Gell's Gravitas   |     1 |    17 ||    18
  Evoke: Wand              |     3 |     3 ||     6
    Use: Scroll            |     3 |     3 ||     6
   Stab: Sleeping          |     7 |    10 ||    17
 Armour: Robe              |    47 |    34 ||    81
  Dodge: Dodged            |   100 |    76 ||   176

Levels and vault maps discovered:
D:1:      scummos_arrival_simple_fountains, layout_basic, serial_shops, shop,
          kennysheep_nondescript
D:2:      minmay_alternating_diamond, layout_loops_cross, basic_altar,
          basic_ecumenical_altar, uniq_robin, uniq_jessica
D:3:      layout_loops_cross, gammafunk_ghost_necromancy
D:4:      layout_rooms, general_overflow_altar, serial_shops, shop,
          chequers_garden, grunt_decor_arrowhead, small_statue_intersection,
          minmay_bent, uniq_ijyb
D:5:      layout_loops_ring, nicolae_dithmenos_through_a_glass_darkly,
          nicolae_elyvilon_temple_path

Notes
Turn   | Place    | Note
-------+----------+-------------------------------------------
     0 | D:1      | MackTheKnife the Spriggan Wanderer began the quest for the
                  | Orb.
     0 | D:1      | MackTheKnife set off with the following items: a +0 dagger
                  | {short}, a potion of might, a +0 robe, a wand of flame (7);
                  | and the following spell memorised: Apportation; and the
                  | following spells available to memorise: Gell's Gravitas,
                  | Cigotuvi's Dreadful Rot, Sublimation of Blood, Dimensional
                  | Bullseye.
     0 | D:1      | Reached XP level 1. HP: 9/9 MP: 6/6
     0 | D:1      | magus.rc [v1.9.6]
   111 | D:1      | Found Wanafiy's Armour Boutique.
   262 | D:1      | Reached skill level 1 in Stealth
   510 | D:1      | Reached skill level 2 in Stealth
   563 | D:1      | Reached XP level 2. HP: 12/13 MP: 8/8
   665 | D:1      | Reached skill level 3 in Stealth
   780 | D:1      | magus.rc [v1.9.6]
   890 | D:2      | Found a shimmering altar of Xom.
   958 | D:2      | Noticed Jessica
   961 | D:2      | Killed Jessica
   962 | D:2      | Reached skill level 5 in Stealth
   962 | D:2      | Reached XP level 3. HP: 16/16 MP: 9/9
  1036 | D:2      | Learned a level 3 spell: Gell's Gravitas
  1061 | D:2      | Reached skill level 6 in Translocations
  1284 | D:2      | Noticed Robin
  1285 | D:2      | Reached XP level 4. HP: 17/21 MP: 7/11
  1402 | D:2      | Killed Robin
  1507 | D:2      | Found a faded altar of an unknown god.
  1519 | D:2      | Reached skill level 7 in Translocations
  1996 | D:3      | Identified a +0 crystal plate armour
  1997 | D:3      | q - a +0 crystal plate armour {rare=g}
  2000 | D:3      | Found a runed translucent gate.
  2001 | D:3      | Found a runed translucent gate.
  2001 | D:3      | Found a runed translucent gate.
  2005 | D:3      | Noticed incide's ghost (amateur DsWn)
  2113 | D:3      | Reached XP level 5. HP: 24/24 MP: 6/12
  2552 | D:4      | Found Nutopnykh's Distillery.
  2699 | D:4      | Reached skill level 2 in Evocations
  2725 | D:4      | Reached skill level 6 in Stealth
  2725 | D:4      | Reached skill level 3 in Evocations
  2792 | D:4      | Reached XP level 6. HP: 24/28 MP: 0/13
  2895 | D:4      | Noticed Ijyb
  2936 | D:4      | Reached skill level 7 in Stealth
  2936 | D:4      | Reached skill level 4 in Evocations
  2936 | D:4      | Reached skill level 2 in Dodging
  2965 | D:4      | Reached skill level 3 in Dodging
  3086 | D:4      | Bought a potion of curing for 30 gold pieces
  3100 | D:4      | Identified the +1 leather armour of Defence {rN+}
  3123 | D:4      | Reached skill level 4 in Dodging
  3361 | D:4      | Found a shimmering altar of Xom.
  3529 | D:5      | Entered Level 5 of the Dungeon
  3547 | D:5      | Slain by an ogre

Vanquished Creatures
  A black bear (D:4)
  2 scorpions (D:4)
  A jelly (D:4)
  A gnoll bouda (D:4)
  Jessica (D:2)
  Robin (D:2)
  A gnoll (D:4)
  5 adders
  3 worms (D:4)
  2 dart slugs
  8 orcs
  5 bats
  13 endoplasms
  5 giant cockroaches
  14 goblins
  8 hobgoblins
  2 jackals (D:4)
  4 kobolds
  A quokka (D:1)
  5 ball pythons
  3 frilled lizards
  5 rats
91 creatures vanquished.

Table legend:
 A = Non-vault XP
 B = Vault XP
 C = Vault XP percentage of total XP
 D = Non-vault monster count
 E = Vault monster count
 F = Vault count percentage of total count
                 A         B        C        D         E       F
            +---------+---------+-------+---------+---------+-------
      Total |     410 |     287 |  41.2 |      68 |      23 |  25.3
            +---------+---------+-------+---------+---------+-------
        D:1 |      17 |       0 |   0.0 |       9 |       0 |   0.0
        D:2 |      57 |      91 |  61.5 |      20 |      17 |  45.9
        D:3 |      45 |       0 |   0.0 |      15 |       0 |   0.0
        D:4 |     291 |     196 |  40.2 |      24 |       6 |  20.0
            +---------+---------+-------+---------+---------+-------

Skill      XL: |  1  2  3  4  5  6 |
---------------+-------------------+-----
Stealth        | 2 5 6 7 |  7.0
Translocations | 6 7 |  7.5
Evocations     | 3 4 |  4.0
Dodging        | 4 |  4.2
Throwing       | |  1.0
Spellcasting   | |  4.2

Action                     |  1- 3 |  4- 6 || total
---------------------------+-------+-------++-------
  Melee: Dagger            |   138 |   110 ||   248
         Punch             |       |     2 ||     2
  Throw: Dart              |       |    15 ||    15
   Cast: Gell's Gravitas   |     1 |    17 ||    18
  Evoke: Wand              |     3 |     3 ||     6
    Use: Scroll            |     3 |     3 ||     6
   Stab: Sleeping          |     7 |    10 ||    17
 Armour: Robe              |    47 |    34 ||    81
  Dodge: Dodged            |   100 |    76 ||   176

Illustrated notes

Table legend:
 A = Kills in this place as a percentage of kills in the entire game.
 B = Kills by you in this place as a percentage of kills by you in the entire game.
 C = Kills by friends in this place as a percentage of kills by friends in the entire game.
 D = Other kills in this place as a percentage of other kills in the entire game.
 E = Experience gained in this place as a percentage of experience gained in the entire game.
 F = Experience gained in this place divided by the number of levels of this place that you have seen.
                   A       B       C       D       E      F
               +-------+-------+-------+-------+-------+----------------------
         Total | 100.0 | 100.0 |   N/A |   N/A | 100.0 | 139.4
       Dungeon | 100.0 | 100.0 |   N/A |   N/A | 100.0 | 139.4
               +-------+-------+-------+-------+-------+----------------------

Table legend: (Time is in decaauts)
 A = Elapsed time spent in this place.
 B = Non-inter-level travel time spent in this place.
 C = Inter-level travel time spent in this place.
 D = Time resting spent in this place.
 E = Time spent auto-exploring this place.
 F = Levels seen in this place.
 G = Mean time per level.
                   A        B        C        D        E       F      G
               +--------+--------+--------+--------+--------+-----+--------+
         Total |   2481 |   2405 |     76 |    361 |   1254 |   5 |  496.2 |
       Dungeon |   2481 |   2405 |     76 |    361 |   1254 |   5 |  496.2 |
               +--------+--------+--------+--------+--------+-----+--------+

Top non-repeatable levels by time:
     D:2: 757 daAuts
     D:4: 664 daAuts
     D:1: 540 daAuts
     D:3: 505 daAuts
     D:5: 13 daAuts
